 Dungeon Crawl Stone Soup version 0.21.0-25-ge575cb9ce8 (webtiles) character file.

133 KamiKatze the Conjurer (level 4, 0/24 HPs)
             Began as a Deep Elf Conjurer on Jan 27, 2018.
             Succumbed to an orc's poison
             ... on level 3 of the Dungeon.
             The game lasted 00:09:59 (2232 turns).

KamiKatze the Conjurer (Deep Elf Conjurer)          Turns: 2232, Time: 00:10:00

Health: 0/24       AC:  2    Str:  5    XL:     4   Next: 93%
Magic:  3/12       EV: 13    Int: 26    God:
Gold:   122        SH:  0    Dex: 15    Spells: 6/12 levels left

rFire    . . .     SeeInvis .   a - +2 dagger (elec)
rCold    . . .     Gourm    .   (no shield)
rNeg     . . .     Faith    .   i - +0 robe
rPois    .         Spirit   .   (no helmet)
rElec    .         Reflect  .   (no cloak)
rCorr    .         Harm     .   (no gloves)
MR       .....                  (no boots)
Stlth    ++........             (no amulet)
HPRegen  0.08/turn              (no ring)
MPRegen  0.13/turn              (no ring)

@: brilliant, lethally poisoned (0 -> -11)
A: no striking features
a: no special abilities


You were on level 3 of the Dungeon.
You were not hungry.

You visited 1 branch of the dungeon, and saw 3 of its levels.

You collected 122 gold pieces.

Inventory:

Hand Weapons
 a - a +2 dagger of electrocution (weapon)
Armour
 i - a +0 robe (worn)
Jewellery
 f - an uncursed ring of stealth {unknown}
Scrolls
 j - 2 scrolls of remove curse
 k - a scroll of fear {unknown}
 m - 2 scrolls of blinking {unknown}
 p - a scroll of noise {unknown}
 q - 2 scrolls of amnesia {unknown}
 r - a scroll of teleportation
 s - a scroll of magic mapping {unknown}
 t - a scroll of identify
 u - a scroll of random uselessness {unknown}
Potions
 e - a potion of mutation
 g - a potion of berserk rage {unknown}
 h - 2 potions of flight
 n - a potion of might
Books
 b - a book of Conjurations

   Spells                             Type                      Level
   a - Magic Dart                     Conjuration                  1
   b - Searing Ray                    Conjuration                  2
   c - Dazzling Spray                 Conjuration/Hexes            3
   d - Fulminant Prism                Conjuration/Hexes            4
   e - Force Lance                    Conjuration/Translocation    4
   f - Iskenderun's Mystic Blast      Conjuration                  4
Comestibles
 c - 3 rations


   Skills:
 - Level 2.4 Dodging
 - Level 2.4 Stealth
 + Level 4.6 Spellcasting
 * Level 6.2 Conjurations


You had 6 spell levels left.
You knew the following spells:

 Your Spells              Type           Power        Failure   Level  Hunger
a - Magic Dart            Conj           ####         1%          1    None
b - Searing Ray           Conj           ######       1%          2    None
c - Dazzling Spray        Conj/Hex       #####.       1%          3    ##.....


Dungeon Overview and Level Annotations

Branches:
Dungeon (3/15)

Altars:
Dithmenos
Elyvilon
Fedhas
Yredelemnul

Annotations:
D:2 Jessica
D:3 exclusion: adder


Message History

The orc throws a poisoned tomahawk.
The poisoned tomahawk hits you.
* * * LOW HITPOINT WARNING * * *
You are lethally poisoned!
You see here a poisoned tomahawk.
It was a potion of brilliance.
You feel clever all of a sudden.
* * * LOW HITPOINT WARNING * * *
You feel sick.
* * * LOW HITPOINT WARNING * * *
You feel sick. The orc barely misses you.
You hit the orc.
The orc is heavily wounded.
The orc misses you.
You hit the orc.
The orc is almost dead.
* * * LOW HITPOINT WARNING * * *
You feel sick. The orc barely misses you.
You hit the orc. Lightning courses through the orc!
You kill the orc!
You die...

### #<# #.# #.# #.# #.#
.. #.# ...#######(#
........>#@#
.............#)#
....#.......#.########
.w..!..#....o............
.?. ..............#######
... #....##......#
...#+#....##......#
#.....o.##......#
###.w.............#


There were no monsters in sight!

Vanquished Creatures
  An orc priest (D:3)
  Terence (D:2)
  2 adders
  A dart slug (D:2)
  A leopard gecko (D:1)
  2 orcs (D:3)
  5 giant cockroaches
  11 goblins
  7 hobgoblins
  2 jackals (D:1)
  A quokka (D:2)
  5 bats
  2 frilled lizards (D:1)
  3 kobolds (D:1)
  8 rats
52 creatures vanquished.

Notes
Turn   | Place    | Note
-------+----------+-------------------------------------------
     0 | D:1      | KamiKatze the Deep Elf Conjurer began the quest for the Orb.
     0 | D:1      | Reached XP level 1. HP: 10/10 MP: 6/6
   109 | D:1      | Reached XP level 2. HP: 7/15 MP: 0/8
   113 | D:1      | Learned a level 2 spell: Searing Ray
   293 | D:1      | Reached skill level 5 in Conjurations
   619 | D:1      | Reached XP level 3. HP: 19/19 MP: 7/10
   731 | D:1      | Learned a level 3 spell: Dazzling Spray
   808 | D:2      | Found a shadowy altar of Dithmenos.
  1030 | D:2      | Noticed Terence
  1043 | D:2      | Killed Terence
  1043 | D:2      | Reached XP level 4. HP: 20/24 MP: 1/12
  1129 | D:2      | Found a basalt altar of Yredelemnul.
  1331 | D:2      | Found a white marble altar of Elyvilon.
  1527 | D:2      | Noticed Jessica
  1791 | D:3      | Found a blossoming altar of Fedhas.
  1897 | D:3      | Noticed an orc warrior
  1919 | D:3      | HP: 1/24 [orc (4)]
  2222 | D:3      | Reached skill level 6 in Conjurations
  2231 | D:3      | HP: 1/24 [poisoned by an orc]
  2232 | D:3      | Succumbed to an orc's poison

Skill      XL: |  1  2  3  4 |
---------------+-------------+-----
Conjurations   | 5 6 |  6.2
Spellcasting   | 4 |  4.6
Dodging        | |  2.4
Stealth        | |  2.4

Action                   |  1- 3 |  4- 6 || total
-------------------------+-------+-------++-------
Melee: Dagger            |    15 |     6 ||    21
 Cast: Magic Dart        |    73 |    25 ||    98
       Searing Ray       |     2 |     2 ||     4
       Dazzling Spray    |       |     1 ||     1
  Use: Scroll            |     6 |     1 ||     7
       Potion            |       |     2 ||     2
 Stab: Sleeping          |     1 |       ||     1
       Invisible         |       |     1 ||     1
  Eat: Chunk             |       |     4 ||     4
Armor: Robe              |     4 |       ||     4
Dodge: Dodged            |    32 |     5 ||    37
